Map: Зимние врата РВ

Players

Murena - Winner!

  • Race: Terran Terran
  • Spawn Location: 5:00

ИИ 1 (эксперт)

  • Race: Zerg Zerg
  • Spawn Location: 11:00

VOD

Have the link to the VOD?

Description

Time

  • Played on: Aug. 22, 2019, 9:13 a.m.
  • Length: 10:30
Show
View Real Time Build Order
Export as new Build Order

Murena Terran - Winner!

Build Orders: 1/1/1 

Get SALT Encoding   

  12  0:01  SCV  
  13  0:13  Refinery  
  13  0:17  SCV  
  14  0:28  Supply Depot  
  14  0:31  SCV  
  16  0:50  Barracks, SCV  
  16  1:02  SCV  
  17  1:05  Supply Depot  
  17  1:14  SCV, Refinery  
  18  1:26  SCV  
  19  1:39  Marine  
  20  1:40  Factory  
  20  1:42  SCV  
  21  1:55  SCV  
  21  1:58  Marine  
  23  2:07  Barracks  
  23  2:08  SCV  
  24  2:17  Marine  
  24  2:22  SCV  
  26  2:29  Starport  
  26  2:35  Marine, SCV  
  28  2:47  Orbital Command  
  28  2:54  Barracks Tech Lab  
  28  2:58  Supply Depot  
  28  3:04  Hellion  
  30  3:14  Fusion Core  
  30  3:17  SCV  
  30  3:19  Starport Tech Lab  
  31  3:22  Barracks Tech Lab  
  31  3:29  Marauder  
  31  3:31  Factory Tech Lab  
  31  3:33  SCV  
  34  3:42  Supply Depot  
  34  3:46  Banshee  
  38  3:48  SCV  
  38  3:51  Marine  
  39  3:56  Concussive Shells  
  39  4:03  Supply Depot  
  39  4:06  Marauder  
  39  4:08  SCV  
  42  4:30  Battlecruiser  
  48  4:36  Armory  
  50  4:38  Marauder  
  50  4:44  Marauder  
  52  4:48  Hellion  
  54  4:55  Supply Depot  
  54  4:59  Marine  
  55  5:07  Supply Depot  
  55  5:18  Engineering Bay  
  55  5:23  Marine  
  55  5:24  Thor  
  55  5:27  Marine  
  63  5:34  Banshee  
  66  5:39  SCV  
  66  5:42  Marauder  
  69  5:45  Marauder  
  71  5:54  Missile Turret  
  71  6:10  Command Center  
  71  6:16  Supply Depot  
  71  6:17  Cloaking Field  
Show
View Real Time Build Order
Export as new Build Order

ИИ 1 (эксперт) Zerg 

Build Orders: Hatch First 

Get SALT Encoding   

  12  0:00  Drone  
  13  0:12  Overlord  
  13  0:16  Drone  
  14  0:31  Drone x2  
  14  0:34  Drone  
  17  0:53  Hatchery  
  17  0:55  Drone  
  17  1:11  Spawning Pool  
  17  1:12  Extractor  
  17  1:15  Drone  
  17  1:18  Drone  
  17  1:22  Drone  
  18  1:28  Drone  
  19  1:38  Overlord  
  19  1:58  Queen  
  19  2:00  Zergling x2, Drone  
  23  2:04  Queen  
  25  2:10  Drone  
  27  2:15  Drone  
  27  2:29  Roach Warren  
  26  2:30  Drone  
  26  2:34  Drone  
  26  2:36  Zergling x2  
  29  2:40  Zergling x2  
  30  2:46  Overlord  
  30  2:49  Drone  
  31  2:52  Drone  
  31  2:55  Drone  
  34  2:58  Drone  
  34  3:09  Roach  
  34  3:10  Roach  
  34  3:11  Roach  
  40  3:13  Roach  
  40  3:17  Overlord  
  43  3:20  Drone  
  43  3:22  Drone  
  43  3:26  Overlord  
  44  3:30  Overlord  
  44  3:35  Roach  
  44  3:38  Roach  
  44  3:40  Roach  
  50  3:43  Roach  
  50  3:46  Roach  
  54  3:49  Roach  
  54  3:53  Roach  
  60  3:55  Roach  
  60  3:58  Drone  
  60  4:00  Drone  
  60  4:02  Drone  
  63  4:06  Extractor, Drone  
  63  4:08  Drone  
  64  4:12  Overlord  
  64  4:17  Overlord  
  64  4:19  Drone  
  64  4:21  Drone  
  64  4:23  Drone  
  67  4:25  Drone  
  67  4:31  Roach x2  
  72  4:34  Roach  
  72  4:36  Roach  
  76  4:40  Overlord  
  76  4:42  Drone  
  76  4:43  Drone  
  78  4:45  Drone  
  78  4:47  Drone  
  78  4:50  Overlord  
  80  4:56  Lair  
  80  4:58  Roach  
  82  5:01  Roach  
  82  5:03  Roach  
  82  5:06  Roach  
  88  5:09  Overlord  
  88  5:11  Drone  
  88  5:12  Drone  
  90  5:14  Drone  
  90  5:15  Zergling x2  
  90  5:17  Zergling x2  
  90  5:19  Zergling x2  
  94  5:22  Overlord  
  94  5:30  Drone  
  94  5:31  Drone  
  96  5:37  Extractor  
  96  5:38  Drone  
  96  5:40  Extractor  
  96  5:41  Drone  
  96  5:57  Infestation Pit, Drone, Hatchery  
  96  5:58  Hydralisk Den, Drone  
  96  5:59  Drone  
  96  6:00  Drone x3  
  96  6:03  Overlord  
  99  6:05  Drone  
  99  6:07  Drone  
  99  6:09  Drone  
  102  6:16  Metabolic Boost  
  102  6:27  Evolution Chamber  
  102  6:29  Hydralisk, Drone, Evolution Chamber  
  102  6:30  Hydralisk  
  105  6:33  Infestor  
  105  6:34  Hydralisk  
  105  6:36  Zergling x2  
  109  6:41  Overseer  
  109  6:44  Evolution Chamber  
  109  6:45  Drone  
  109  6:53  Overlord, Infestor  
  111  6:55  Zerg Melee Weapons Level 1  
  111  7:02  Zergling x2  
  111  7:04  Zergling x4, Spine Crawler, Drone  
  114  7:14  Spire  
  114  7:15  Zergling x4, Drone  
  113  7:16  Zergling x2, Spine Crawler  
  113  7:17  Drone  
  113  7:19  Zergling x2  
  113  7:20  Zergling x2  
  113  7:21  Zergling x2  
  95  7:25  Hydralisk  
  95  7:29  Hydralisk  
  83  7:35  Hydralisk  
  76  7:37  Roach  
  76  7:40  Roach, Hatchery  
  76  7:43  Roach  
  79  7:47  Roach x2  
  75  7:54  Roach  
  75  7:56  Hydralisk  
  72  8:01  Drone  
  72  8:02  Drone  
  72  8:03  Hydralisk  
  71  8:12  Hydralisk  
  68  8:28  Hydralisk, Zergling x2  
  68  8:38  Hatchery  
  59  9:20  Hatchery  
  58  9:39  Hatchery  
  58  9:43  Hydralisk  
  58  9:44  Drone  
Tags
 
Add a new tag
Caveats
  • Supply blocks, unpowered buildings, or Contaminate may cause inaccurate times.
  • Supply counts are checked every 10 seconds.